 Dungeon Crawl Stone Soup version 0.21.1-1-g345015f (webtiles) character file.

1610 tyranidshit the Fighter (level 8, 0/71 HPs)
             Began as a Demonspawn Abyssal Knight on July 25, 2018.
             Was a Priest of Lugonu.
             Slain by a wight
             ... wielding a +0 trident
              (1 damage)
             ... on level 6 of the Dungeon.
             The game lasted 00:17:53 (4398 turns).

tyranidshit the Fighter (Demonspawn Abyssal Knight) Turns: 4398, Time: 00:17:53

Health: 0/71       AC: 11    Str: 19    XL:     8   Next: 63%
Magic:  0/12       EV:  7    Int: 14    God:    Lugonu [***...]
Gold:   256        SH:  0    Dex: 13    Spells: 7/7 levels left

rFire    + . .     SeeInvis .   a - +1 hand axe (drain)
rCold    . . .     Gourm    .   (no shield)
rNeg     . . .     Faith    .   l - +0 chain mail
rPois    .         Spirit   +   (no helmet)
rElec    .         Reflect  .   (no cloak)
rCorr    .         Harm     .   i - +0 pair of gloves
MR       +....                  h - +0 pair of boots
Stlth    ..........             (no amulet)
HPRegen  0.21/turn              b - ring of protection from fire
MPRegen  0.26/turn              s - ring of wizardry

@: mighty, heavily drained
A: talons 2, blink, magic resistance 1, nightstalker 2, magic shield, magic
regeneration
a: Blink, Depart the Abyss, Bend Space, Banish, Renounce Religion


You were on level 6 of the Dungeon.
You worshipped Lugonu.
Lugonu was most pleased with you.
You were not hungry.

You visited 1 branch of the dungeon, and saw 6 of its levels.
You visited the Abyss 1 time.

You collected 256 gold pieces.

Inventory:

Hand Weapons
 a - a +1 hand axe of draining (weapon)
Armour
 h - a +0 pair of boots (worn)
 i - a +0 pair of gloves (worn)
 l - a +0 chain mail (worn)
 t - a +0 ring mail of magic resistance
Jewellery
 b - a ring of protection from fire (left hand)
 o - an uncursed ring of resist corrosion
 s - a ring of wizardry (right hand)
Wands
 d - a wand of polymorph (23)
 r - a wand of enslavement (17)
Scrolls
 c - a scroll of fear
 f - a scroll of teleportation
 j - a scroll of magic mapping
 k - 2 scrolls of identify
Potions
 e - a potion of flight
 g - a potion of resistance
 n - a potion of curing
 q - a potion of invisibility
 u - a potion of magic
 v - a potion of brilliance {unknown}
Comestibles
 m - 4 rations


   Skills:
 + Level 9.0(5.9) Fighting
 - Level 4.0(1.3) Axes
 - Level 5.0(2.2) Armour
 - Level 0.8(0.0) Dodging
 - Level 6.0(3.1) Invocations
 - Level 3.0(0.3) Evocations


You had 7 spell levels left.
You didn't know any spells.

Dungeon Overview and Level Annotations

Branches:
Dungeon (6/15)
 Temple: D:4-7

Altars:
Okawaru
Yredelemnul
Zin

Shops:
D:4 %   D:6 ?


Innate Abilities, Weirdness & Mutations

You have razor-sharp toenails.
You are significantly more attuned to the shadows.
When hurt, damage is shared between your health and your magic reserves.
You regenerate magic rapidly.
You can translocate small distances at will.
You are resistant to hostile enchantments. (MR+)


Message History

Lugonu accepts your kill.
You hit the wight. x2; The wight hits you with a great sword.
* * * LOW HITPOINT WARNING * * *
You feel drained. The wight hits you but does no damage.
The wight barely misses you.
You slash the wight!
You destroy the wight!
Lugonu accepts your kill.
Your base Fighting skill increases to level 9!
You hit the wight. The wight hits you with a dire flail.
* * * LOW HITPOINT WARNING * * *
The wight hits you from afar with a trident!
* * * LOW HITPOINT WARNING * * *
You feel drained.
* * * LOW HITPOINT WARNING * * *
You closely miss the wight.
The wight is severely damaged.
The wight barely misses you.
The wight hits you from afar with a trident.
You die...

### ##+## #.. ##...##
#.# .##. ##.....## #.#
.... ##.......## ##.#
....####.........####...
......)@)........'......
.....###z........####...
#..z.z.z.......## ##..
#.#.♣z♣.#.....## ##.
.............## #.
#.♣.♣!♣.♣.#+## #.
#...._†.....#
#.♣.♣.♣.♣...#
#...........#


You could see 2 wights.

Vanquished Creatures
  The ghost of dscm the Chopper, an amateur HOFi (D:4)
  A black bear (D:6)
  2 sky beasts
  2 phantoms (D:5)
  2 ogres (D:4)
  2 wights (D:6)
  A howler monkey (D:3)
  4 crimson imps
  A centaur zombie (D:5)
  A quasit (D:5)
  An orc priest (D:6)
  2 hounds
  2 orc wizards (D:6)
  Jessica (D:1)
  A centaur skeleton (D:4)
  Natasha (D:2)
  3 worker ants
  A worker ant zombie (D:6)
  7 adders
  2 shadow imps
  An ooze (D:2)
  An adder skeleton (D:5)
  An adder zombie (D:4)
  3 worms
  2 dart slugs (D:1)
  4 leopard geckos
  11 orcs
  10 bats
  2 giant cockroaches
  12 goblins
  15 hobgoblins
  8 jackals
  2 quokkas (D:3)
  7 frilled lizards
  7 kobolds
  6 rats
130 creatures vanquished.

Notes
Turn   | Place    | Note
-------+----------+-------------------------------------------
     0 | Abyss:1  | tyranidshit the Demonspawn Abyssal Knight began the quest for the Orb.
     0 | Abyss:1  | Reached XP level 1. HP: 18/18 MP: 2/2
    24 | Abyss:1  | Noticed a starcursed mass
    28 | Abyss:1  | Noticed a wretched star
    28 | Abyss:1  | Noticed a balrug
    30 | D:1      | Escaped the Abyss
   267 | D:1      | Reached skill level 6 in Fighting
   267 | D:1      | Gained mutation: You have sharp toenails. [demonic ancestry]
   267 | D:1      | Reached XP level 2. HP: 15/28 MP: 3/3
   286 | D:1      | Reached skill level 5 in Armour
   358 | D:1      | Reached * piety under Lugonu
   400 | D:1      | Gained mutation: When hurt, damage is shared between your health and your magic reserves. [demonic ancestry]
   400 | D:1      | Reached XP level 3. HP: 25/34 MP: 4/4
   848 | D:1      | Gained mutation: You can translocate small distances at will. [potion of mutation]
   848 | D:1      | Gained mutation: You are resistant to hostile enchantments. (MR+) [potion of mutation]
   976 | D:2      | Gained mutation: You have razor-sharp toenails. [demonic ancestry]
   976 | D:2      | Reached XP level 4. HP: 29/40 MP: 5/5
  1053 | D:2      | Reached ** piety under Lugonu
  1139 | D:2      | Noticed Natasha
  1175 | D:2      | HP: 1/41 [Natasha/magic dart (2)]
  1185 | D:2      | HP: 1/41 [Natasha/magic dart (1)]
  1192 | D:2      | Noticed Jessica
  1363 | D:1      | Killed Jessica
  1427 | D:2      | Killed Natasha
  1427 | D:2      | Gained mutation: You regenerate magic rapidly. [demonic ancestry]
  1427 | D:2      | Reached XP level 5. HP: 19/47 MP: 2/6
  1818 | D:3      | Found a glowing silver altar of Zin.
  1818 | D:3      | Noticed an angel
  2230 | D:3      | Reached skill level 7 in Fighting
  2523 | D:4      | Reached *** piety under Lugonu
  2534 | D:4      | Noticed a sky beast
  2549 | D:4      | Noticed dscm's ghost (amateur HOFi)
  2566 | D:4      | Killed a sky beast
  2566 | D:4      | Reached skill level 1 in Evocations
  2566 | D:4      | Gained mutation: You are slightly more attuned to the shadows. [demonic ancestry]
  2566 | D:4      | Reached XP level 6. HP: 8/55 MP: 1/8
  2961 | D:4      | Killed dscm's ghost
  2961 | D:4      | Gained mutation: You are significantly more attuned to the shadows. [demonic ancestry]
  2961 | D:4      | Reached XP level 7. HP: 36/60 MP: 8/10
  3023 | D:4      | Found a basalt altar of Yredelemnul.
  3110 | D:4      | Found Sissy's Food Emporium.
  3178 | D:4      | Reached skill level 5 in Invocations
  3316 | D:5      | Entered Level 5 of the Dungeon
  3671 | D:5      | Reached XP level 8. HP: 58/68 MP: 10/12
  4028 | D:5      | Reached skill level 8 in Fighting
  4308 | D:6      | Found Geing's Magic Scroll Boutique.
  4354 | D:6      | Found an iron altar of Okawaru.
  4397 | D:6      | Reached skill level 9 in Fighting
  4397 | D:6      | HP: 1/71 [wight/trident (4)]
  4398 | D:6      | Slain by a wight

Skill      XL: |  1  2  3  4  5  6  7  8 |
---------------+-------------------------+-----
Fighting       | 6 7 9 |  9.0
Armour         | 4 5 |  5.0
Axes           | 2 3 4 |  4.0
Invocations    | 3 4 6 |  6.0
Evocations     | 1 2 3 |  3.0
Dodging        | |  0.8

Action                   |  1- 3 |  4- 6 |  7- 9 || total
-------------------------+-------+-------+-------++-------
Melee: Hand axe          |    89 |   264 |   209 ||   562
       Kick              |     4 |       |       ||     4
       Unarmed           |       |     1 |       ||     1
Invok: Depart the Abyss  |     1 |       |       ||     1
 Abil: Blink             |       |     2 |       ||     2
Evoke: Wand              |       |     3 |     7 ||    10
  Use: Scroll            |     5 |     5 |     7 ||    17
       Potion            |     3 |     2 |     3 ||     8
  Eat: Ration            |       |     2 |     2 ||     4
Armor: Leather armour    |    11 |       |       ||    11
       Ring mail         |     5 |       |       ||     5
       Scale mail        |    68 |    75 |       ||   143
       Chain mail        |       |    92 |   186 ||   278
Dodge: Dodged            |    82 |   109 |    82 ||   273
